AoeStats
← IvoryRooster

Arena

509476549Analyzed
2v2 RM · 7d ago on Sep 26, 2026· 33m 58s· 4 players
Game mode
Random Map
Map size
Medium (4 player)
Population
200
Speed
Normal
Resources
Standard
Victory
Conquest
Starting age
Dark Age
Ending age
Imperial Age
RankedLock teamsTeams togetherTeam positionsShared explorationLock speedFull tech treeHidden civsTurbo modeCheats
Victory
Defeat
🇺🇸 Saxons · United States
840
+12
🇺🇸 Danes · United States
686
+17
🇨🇴 Turks · Colombia
738
-15
🇵🇪 Italians · Peru
729
-14
jeinsgon
TukiRamirez
3:25 Loom
13:08 Feudal Age
13:59 Double-Bit Axe
13:57 Horse Collar
17:26 Wheelbarrow
22:50 Castle Age
20:43 Fletching
21:03 Gold Mining
21:05 Stone Mining
23:50 Heavy Plow
24:02 Bow Saw
23:49 Bodkin Arrow
24:35 Gold Shaft Mining
24:58 Hand Cart
26:42 Fervor
27:19 Bloodlines
27:10 Husbandry
28:49 Hand Cart
28:20 Town Watch
29:00 Thumb Ring
28:18 Crossbowman
32:48 Imperial Age
31:04 Squires
32:20 Forging
32:12 Padded Archer Armor
32:35 Sanctity
32:20 Atonement
32:25 Town Watch
IvoryRooster
9:21 Loom
15:12 Feudal Age
16:35 Man-at-Arms
17:06 Arson
17:35 Double-Bit Axe
18:35 Forging
18:26 Scale Mail Armor
18:46 Stone Mining
18:45 Horse Collar
21:48 Wheelbarrow
21:07 Fletching
21:19 Padded Archer Armor
21:49 Gold Mining
28:28 Castle Age
30:07 Bow Saw
30:36 Iron Casting
30:17 Chain Mail Armor
29:57 Bodkin Arrow
30:07 Squires
31:09 Leather Archer Armor
31:14 Hand Cart
31:19 Thumb Ring
31:26 Thumb Ring
30:45 Elite Skirmisher
32:16 Gold Shaft Mining
32:08 Heavy Plow
31:58 Town Watch
Viridios
3:49 Loom
11:01 Feudal Age
12:11 Man-at-Arms
12:37 Arson
13:47 Double-Bit Axe
15:13 Horse Collar
23:33 Castle Age
23:17 Wheelbarrow
22:29 Town Watch
23:50 Long Swordsman
24:16 Gambesons
24:32 Squires
23:53 Pikeman
24:54 Bloodlines
25:49 Stone Mining
25:52 Gold Mining
26:06 Heavy Plow
28:31 Husbandry
28:46 Bow Saw
33:40 Thumb Ring
34:30 Forging
Connection lost

Rejoining the realm…

Still unreachable

The connection could not be restored.

Session expired

The server has moved on; the page needs a fresh start.